 Dungeon Crawl Stone Soup version 0.20.1-1-g8b1a95d (webtiles) character file.

34 letownia2 the Grave Robber (level 3, -2/28 HPs)
             Began as a Deep Dwarf Necromancer on Dec 18, 2017.
             Slain by a bullfrog (7 damage)
             ... on level 6 of the Dungeon.
             The game lasted 00:02:05 (715 turns).

letownia2 the Grave Robber (Deep Dwarf Necromancer)  Turns: 715, Time: 00:02:06

Health: -2/28      AC:  2    Str: 11    XL:     3   Next: 14%
Magic:  0/6        EV: 12    Int: 16    God:
Gold:   25         SH:  0    Dex: 13    Spells: 2/6 levels left

rFire    + . .     SeeInvis .   a - +0 falchion
rCold    . . .     Gourm    .   (no shield)
rNeg     . . .     Faith    .   l - +0 robe
rPois    .         Spirit   .   (no helmet)
rElec    .         Reflect  .   (no cloak)
rCorr    .         Harm     +   (no gloves)
MR       .....                  (no boots)
Stlth    ++........             g - amulet of harm
Regen    0.0/turn               k - ring of protection from fire
MPRegen  0.1/turn               (no ring)

@: non-regenerating
A: damage resistance, heal wounds, sense surroundings 1, no regeneration
a: Heal Wounds


You were on level 6 of the Dungeon.
You were not hungry.

You visited 1 branch of the dungeon, and saw 5 of its levels.

You collected 25 gold pieces.

Inventory:

Hand Weapons
 a - a +0 falchion (weapon)
 e - a +0 hunting sling
Armour
 l - a +0 robe (worn)
Jewellery
 g - an amulet of harm (around neck)
 k - a ring of protection from fire (left hand)
Wands
 i - a wand of acid (7/15)
Potions
 d - a potion of curing {unknown}
 f - a potion of ambrosia {unknown}
 h - a potion of resistance {unknown}
 m - a potion of berserk rage {unknown}
 n - a potion of heal wounds {unknown}
Books
 b - a book of Necromancy

   Spells                             Type                      Level
   a - Pain                           Necromancy                   1
   b - Animate Skeleton               Necromancy                   1
   c - Vampiric Draining              Necromancy                   3
   d - Regeneration                   Charms/Necromancy            3
   e - Animate Dead                   Necromancy                   4
   f - Control Undead                 Necromancy                   4
Comestibles
 c - a bread ration
 j - a meat ration


   Skills:
 - Level 2.1 Dodging
 - Level 2.4 Stealth
 - Level 2.1 Spellcasting
 + Level 5.3 Necromancy


You had 2 spell levels left.
You knew the following spells:

 Your Spells              Type           Power        Failure   Level  Hunger
a - Pain                  Necr           ###.         2%          1    #......
v - Vampiric Draining     Necr           ###.......   7%          3    ###....


Dungeon Overview and Level Annotations

Branches:
Dungeon (4/15)
 Temple: D:4-7

Altars:


Innate Abilities, Weirdness & Mutations

You are resistant to damage.
You can heal yourself by infusing magical energy.
You passively map a small area around you.
You do not regenerate.


Message History

Aiming: Vampiric Draining
Press: ? - help, Shift-Dir - straight line, f - bullfrog
Aim: a bullfrog (resting)
The bullfrog croaks.
The bullfrog is moderately wounded.
You feel life coursing into your body. The bullfrog barely misses you. x2
Casting: Vampiric Draining
Confirm with . or Enter, or press ? or * to list all spells.
Aiming: Vampiric Draining
Press: ? - help, Shift-Dir - straight line, f/p - bullfrog
Aim: a bullfrog (moderately wounded)
The bullfrog is severely wounded.
You feel life coursing into your body. The bullfrog hits you.
Unknown command.
You closely miss the bullfrog.
The bullfrog is severely wounded.
The bullfrog hits you!
* * * LOW HITPOINT WARNING * * *
The bullfrog hits you!
You die...

#.......# , *,
######.......#
,
.............#
########'#####
, #<#.# ,*
#.#.# * ,
#.#.# *
.######F#.#
.>.....@#.###
,
#.###.......#
* * #.###.#.#
* #. ..#.# #
#.# # , * ,
..# * * #.# ,
,, #.# , .# *


You could see a bullfrog.

Vanquished Creatures
  2 adders
  A leopard gecko (D:3)
  A ball python (D:3)
  2 goblins (D:1)
  2 hobgoblins (D:1)
  A kobold (D:1)
  2 bats
  3 frilled lizards
  2 quokka skeletons (D:4)
  A rat (D:1)
17 creatures vanquished.

Notes
Turn   | Place    | Note
-------+----------+-------------------------------------------
     0 | D:1      | letownia2 the Deep Dwarf Necromancer began the quest for the Orb.
     0 | D:1      | Reached XP level 1. HP: 15/15 MP: 3/3
   250 | D:3      | Reached XP level 2. HP: 5/22 MP: 0/5
   330 | D:2      | Reached skill level 5 in Necromancy
   374 | D:3      | Reached XP level 3. HP: 6/28 MP: 0/6
   509 | D:3      | Learned a level 3 spell: Vampiric Draining
   703 | D:4      | You fall through a shaft for 2 floors!
   711 | D:6      | Noticed a bullfrog
   715 | D:6      | Slain by a bullfrog

Skill      XL: |  1  2 |
---------------+-------+-----
Spellcasting   | 2 |  2.1
Necromancy     | 5 |  5.3
Dodging        | |  2.1
Stealth        | |  2.4

Action                   || total
-------------------------++-------
Melee: Unarmed           ||     7
       Falchion          ||     4
 Cast: Pain              ||    24
       Vampiric Draining ||     2
  Use: Scroll            ||     1
Armor: Robe              ||    11
Dodge: Dodged            ||    34
       Rpst.: Falchion   ||     1
